 Dungeon Crawl Stone Soup version 0.23-a0-26-g9187234747 (webtiles) character file.

198 Htamos the Skirmisher (level 5, -6/51 HPs)
             Began as a Hill Orc Fighter on Aug 3, 2018.
             Mangled by an orc wizard
             ... wielding a +3 dagger of electrocution
              (8 damage)
             ... on level 3 of the Dungeon.
             The game lasted 00:02:38 (2071 turns).

Htamos the Skirmisher (Hill Orc Fighter)            Turns: 2071, Time: 00:02:39

Health: -6/51      AC:  9    Str: 20    XL:     5   Next: 76%
Magic:  5/5        EV:  7    Int:  8    God:
Gold:   84         SH:  9    Dex: 10    Spells: 4/4 levels left

rFire    . . .     SeeInvis .   a - +0 war axe
rCold    . . .     Gourm    .   c - +0 shield
rNeg     . . .     Faith    .   b - +0 scale mail
rPois    .         Spirit   .   p - +0 helmet
rElec    .         Reflect  .   (no cloak)
rCorr    .         Harm     .   n - +0 pair of gloves
MR       .....                  (no boots)
Stlth    ..........             (no amulet)
HPRegen  0.17/turn              (no ring)
MPRegen  0.09/turn              (no ring)

@: no status effects
A: no striking features
a: no special abilities


You were on level 3 of the Dungeon.
You were not hungry.

You visited 1 branch of the dungeon, and saw 3 of its levels.

You collected 84 gold pieces.

Inventory:

Hand Weapons
 a - a +0 war axe (weapon)
Armour
 b - a +0 scale mail (worn)
 c - a +0 shield (worn)
 n - a +0 pair of gloves (worn)
 p - a +0 helmet (worn)
Jewellery
 s - an uncursed ring of ice
Scrolls
 e - 2 scrolls of teleportation
 i - a scroll of fear {unknown}
 j - a scroll of enchant armour {unknown}
 k - a scroll of remove curse {unknown}
 l - 2 scrolls of identify
 q - a scroll of immolation {unknown}
Potions
 d - 2 potions of might
 g - a potion of ambrosia {unknown}
 h - a potion of heal wounds {unknown}
 m - a potion of curing {unknown}
 o - a potion of flight {unknown}
Comestibles
 f - 6 rations
 r - 7 chunks of flesh


   Skills:
 * Level 6.5 Fighting
 + Level 4.8 Axes
 - Level 3.2 Armour
 - Level 3.2 Shields


You had 4 spell levels left.
You didn't know any spells.
Your spell library was empty.

Dungeon Overview and Level Annotations

Branches:
Dungeon (3/15)

Altars:
Vehumet
Wu Jian

Annotations:
D:3 2 transporters, IcyTea's ghost, amateur FeEn


Message History

* * * LOW HITPOINT WARNING * * *
The orc wizard closely misses you.
You are too injured to fight recklessly!
You are too injured to fight recklessly!
You are too injured to fight recklessly!
You slash the orc wizard!
The orc wizard is almost dead.
You block the orc wizard's attack. The orc wizard completely misses you.
You hit the orc wizard.
The orc wizard is almost dead.
The orc wizard hits you but does no damage.
You are electrocuted!
* * * LOW HITPOINT WARNING * * *
You block the orc wizard's attack.
You barely miss the orc wizard.
The orc wizard is almost dead.
The orc wizard barely misses you.
The orc wizard hits you but does no damage.
You are electrocuted!
You die...

#.#.# #..# #...
#.#.# #..# ##.#
###.######รท.####..
#...........#.....
#.#.#####...#.###.
#.#.........# ##
#.#.##..#...# #
#.#.##......#
#@#.###.#...#
#o#.#.......#
#.#.#.#.......####
#..... ...........
..#.# ..#......###
#.# # #.# # #.# # .


You could see an orc wizard.

Vanquished Creatures
  2 orc wizards (D:3)
  3 adders (D:3)
  4 gnolls (D:3)
  3 worms
  3 dart slugs (D:1)
  3 leopard geckos (D:1)
  2 orcs (D:3)
  A giant cockroach (D:3)
  6 goblins
  11 hobgoblins
  2 jackals (D:2)
  8 bats
  2 frilled lizards
  7 kobolds
  4 rats
61 creatures vanquished.

Notes
Turn   | Place    | Note
-------+----------+-------------------------------------------
     0 | D:1      | Htamos the Hill Orc Fighter began the quest for the Orb.
     0 | D:1      | Reached XP level 1. HP: 19/19 MP: 1/1
    67 | D:1      | Reached skill level 4 in Fighting
    68 | D:1      | Reached XP level 2. HP: 27/27 MP: 2/2
   265 | D:1      | Reached XP level 3. HP: 28/34 MP: 3/3
  1031 | D:2      | Reached skill level 5 in Fighting
  1210 | D:2      | Reached XP level 4. HP: 39/42 MP: 4/4
  1644 | D:3      | Reached XP level 5. HP: 39/50 MP: 5/5
  1649 | D:3      | Reached skill level 6 in Fighting
  1842 | D:3      | Found an ornate altar of the Wu Jian Council.
  1891 | D:3      | Found a transporter.
  1891 | D:3      | Noticed IcyTea's ghost (amateur FeEn)
  1904 | D:3      | Found a transporter.
  1975 | D:3      | Found a radiant altar of Vehumet.
  2070 | D:3      | HP: 2/51 [orc wizard/dagger of electrocution (19)]
  2071 | D:3      | Mangled by an orc wizard

Vault maps used:
D:1:      minmay_arrival_plants_in_alcoves
D:3:      nicolae_overflow_crystal_walls, lemuel_doored_altar,
          gammafunk_ghost_mausoleum, first_ration, grunt_ministairs_3

Skill      XL: |  1  2  3  4  5 |
---------------+----------------+-----
Fighting       | 4 5 6 |  6.5
Axes           | 3 4 |  4.8
Armour         | |  3.2
Shields        | |  3.2

Action                   |  1- 3 |  4- 6 || total
-------------------------+-------+-------++-------
Melee: War axe           |    99 |    58 ||   157
  Use: Scroll            |       |     2 ||     2
  Eat: Chunk             |     1 |     3 ||     4
Armor: Scale mail        |    49 |    25 ||    74
Dodge: Dodged            |    19 |    19 ||    38
Block: Shield            |    54 |    23 ||    77

Table legend:
 A = Spawn XP
 B = Non-spawn XP
 C = Spawn XP percentage of total XP
 D = Spawn monster count
 E = Non-spawn monster count
 F = Spawn count percentage of total count
 G = Total turns spent on level
                    A         B        C        D         E        F      G
               +---------+---------+-------+---------+---------+-------+---------
         Total |       0 |     283 |   0.0 |       0 |      61 |   0.0 |  2071
               +---------+---------+-------+---------+---------+-------+---------
           D:1 |       0 |      56 |   0.0 |       0 |      29 |   0.0 |   889
           D:2 |       0 |      32 |   0.0 |       0 |      15 |   0.0 |   742
           D:3 |       0 |     195 |   0.0 |       0 |      17 |   0.0 |   440
               +---------+---------+-------+---------+---------+-------+---------
